Login

Meltdown vs Mongoloids

Created - November 12, 2023 at 12:08

Goals
1 2 3 OT1 T
Meltdown 3 0 0 1 4
Mongoloids 0 0 3 0 3
Shots
1 2 3 OT1 T
Meltdown 11 5 6 4 26
Mongoloids 3 9 7 2 21

GoalsPenalties
1st period
1. Meltdown , Andrew Copp 2 (Noah Hanifin 3, Morgan Frost 2) at 1:42
2. Meltdown , Dylan Strome 2 (Mikhail Sergachev 7, Patrik Nemeth 4) at 11:25
3. Meltdown , Hugo Drax 5 (Esa Lindell 2) at 13:23 (PP)
Morgan Frost (PRP) for Roughing (Minor) at 3:05
Ryan Lindgren (ULA) for Holding Stick (Minor) at 13:05
2nd period
No Goal
Austin Watson (ULA) for Tripping (Minor) at 14:52
3rd period
4. Mongoloids , Rasmus Andersson 1 (John Tavares 8, Brent Burns 1) at 9:03
5. Mongoloids , Cal Clutterbuck 1 (Dillon Dube 2, Ryan Lindgren 1) at 15:55
6. Mongoloids , Evgeni Malkin 5 (Drake Batherson 3, John Tavares 9) at 18:10
No Penalty
Overtime #1
7. Meltdown , Hugo Drax 6 (William Nylander 4, Brandon Carlo 5) at 2:47
No Penalty
Goalie Stats
Akira Schmid (PRP), 18 saves from 21 shots - (0.857), W, 9-3-1, 62:48 minutes
Thatcher Demko (ULA), 22 saves from 26 shots - (0.846), OTL, 2-8-3, 62:48 minutes
3 StarsOfficial
1 - Hugo Drax (PRP)
2 - Rasmus Andersson (ULA)
3 - Andrew Copp (PRP)
Referees : Unknown
Linesman : Unknown
Game Note
No Game Note
Finance
Level 1 -- Attendance: 4966 (82.77%) -- Ticket Income $496,600
Level 2 -- Attendance: 3794 (75.88%) -- Ticket Income $227,640
Level 3 -- Attendance: 1566 (78.30%) -- Ticket Income $54,810
Level 4 -- Attendance: 3005 (75.13%) -- Ticket Income $75,125
Luxury Box -- Attendance: 992 (99.20%) -- Ticket Income $198,400
Game was played at the The Yurt.
Total Attendance: 14323 (79.57%)
Total Ticket Income: $1,052,575
Other Income: $421,030
Total Income: $1,473,605



Team Name Goals Shots Shots Attemp Shots Blocked PIM HIT PP PK FO%
Meltdown 4264882211 / 2 (50%)053%
Mongoloids 3214844200 / 1 (0%)147%

Meltdown
Player Name POS G A P +/- PIM HIT SHT SB MP PP MP PP SHT PK MP PK SHT FO% FOT
Adam HenriqueC/LW000000208:270:3800:00067% 6
Alex IafalloLW000000407:070:0000:000100% 1
Andrew CoppC/LW/RW1011004018:021:2100:000100% 1
Anthony DuclairLW/RW0001001016:410:0000:000100% 1
Brandon CarloD0110040123:570:5201:0100% 0
Bryan RustLW/RW000-2010017:590:4400:0000% 0
Casey MittelstadtC/LW/RW0000020016:190:5200:0000% 1
Daniel SprongRW000-2013018:550:0400:5400% 2
Dylan StromeC/RW101-2014019:350:4400:54056% 18
Esa LindellD011-1021117:130:5601:0100% 0
Hugo DraxC/RW2021044117:580:5211:05050% 2
Jared SpurgeonD000000006:520:0000:0000% 0
Jonas SiegenthalerD0001020118:000:0000:0000% 0
Mikhail SergachevD011-1000019:231:2100:5800% 0
Morgan FrostC0111230018:350:4100:00071% 17
Noah HanifinD0111001318:460:0400:0000% 0
Patrik NemethD011-1010118:371:2100:5800% 0
William NylanderC/LW/RW0111002023:580:5501:05029% 17
Mongoloids
Player Name POS G A P +/- PIM HIT SHT SB MP PP MP PP SHT PK MP PK SHT FO% FOT
Austin WatsonLW/RW0000222016:370:0000:0000% 0
Brayden McNabbD000-1021019:581:1501:0800% 0
Brent BurnsD0111010014:310:0000:0000% 0
Cal ClutterbuckRW1010022016:380:0000:0000% 0
David PerronLW/RW000-1011020:380:4400:2000% 0
Dillon DubeC/RW0110003016:380:0000:00045% 20
Drake BathersonLW/RW0111010116:041:1500:3600% 2
Evgeni MalkinC1011003024:101:1501:21048% 29
J.T. MillerC/LW0000013020:490:4400:36054% 13
John TavaresC/LW0221013124:101:1501:21050% 2
Jonathan MarchessaultLW/RW000-1001020:180:4400:0000% 0
Markus NiemelainenD000202008:310:0000:0000% 0
Mattias EkholmD000-1000017:260:4400:4900% 0
Michael MathesonD000-2010118:230:4400:5500% 0
Ondrej PalatLW000000007:160:0000:2000% 0
Rasmus AnderssonD1011021014:510:0000:2000% 0
Ryan LindgrenD011221008:300:0000:0000% 0
Tyrian LannisterD000-1031120:371:1501:2200% 0

Meltdown

5 vs 5 Forward
Line #Left WingCenterRight WingPHYDFOFWanted %Time %Time Play
1Casey MittelstadtWilliam NylanderHugo Drax1223026%14:41
2Bryan RustDylan StromeDaniel Sprong1222831%17:15
3Andrew CoppMorgan FrostAnthony Duclair1222630%16:41
4Alex IafalloAdam HenriqueWilliam Nylander1221613%7:07
5 vs 5 Defense
Line #DefenseDefensePHYDFOFWanted %Time %Time Play
1Brandon CarloEsa Lindell1223026%14:34
2Mikhail SergachevPatrik Nemeth1222829%16:18
3Noah HanifinJonas Siegenthaler1222632%18:00
4Jared SpurgeonBrandon Carlo1221612%6:52
Power Play Forward
Line #Left WingCenterRight WingPHYDFOFWanted %Time %Time Play
1Casey MittelstadtWilliam NylanderHugo Drax1225568%1:33
2Bryan RustDylan StromeDaniel Sprong1224532%0:44
Power Play Defense
Line #DefenseDefensePHYDFOFWanted %Time %Time Play
1Brandon CarloEsa Lindell1225541%0:56
2Mikhail SergachevPatrik Nemeth1224559%1:21
Penalty Kill 4 Players Forward
Line #CenterWingPHYDFOFWanted %Time %Time Play
1William NylanderHugo Drax1225555%1:05
2Dylan StromeDaniel Sprong1224545%0:54
Penalty Kill 4 Players Defense
Line #DefenseDefensePHYDFOFWanted %Time %Time Play
1Brandon CarloEsa Lindell1225551%1:01
2Mikhail SergachevPatrik Nemeth1224549%0:58
Penalty Kill 3 Players
Line #WingPHYDFOFWanted %Time %Time PlayDefenseDefensePHYDFOFWanted %Time %Time Play
1William Nylander122550%0:00 Brandon CarloEsa Lindell122550%0:00
2Hugo Drax122450%0:00 Mikhail SergachevPatrik Nemeth122450%0:00
4 vs 4 Forward
Line #CenterWingPHYDFOFWanted %Time %Time Play
1William NylanderHugo Drax122550%0:00
2Dylan StromeDaniel Sprong122450%0:00
4 vs 4 Defense
Line #DefensePHYDFOFWanted %Time %Time Play
1Brandon CarloEsa Lindell122550%0:00
2Mikhail SergachevPatrik Nemeth122450%0:00
Last Minutes Offensive
Left WingCenterRight WingDefenseDefense
Casey MittelstadtWilliam NylanderHugo DraxBrandon CarloEsa Lindell
Last Minutes Defensive
Left WingCenterRight WingDefenseDefense
Casey MittelstadtWilliam NylanderHugo DraxBrandon CarloEsa Lindell
Time
Total ForwardTotal DefenseLast Minutes OffensiveLast Minutes Defensive
60:00 60:00 0:000:00
Extra Forwards
Normal PowerPlayPenalty Kill
Morgan Frost, Andrew Copp, Adam HenriqueMorgan Frost, Andrew CoppAdam Henrique
Extra Defensemen
Normal PowerPlayPenalty Kill
Noah Hanifin, Jonas Siegenthaler, Jared SpurgeonNoah Hanifin, Jonas SiegenthalerJared Spurgeon
Penalty Shots
William Nylander, Hugo Drax, Dylan Strome, Daniel Sprong, Casey Mittelstadt
Goalie
Akira Schmid, Vitek Vanecek
Custom OT Lines Forwards
William Nylander, Hugo Drax, Dylan Strome, Daniel Sprong, Casey Mittelstadt, Morgan Frost, Bryan Rust, Andrew Copp, Adam Henrique, Anthony Duclair
Custom OT Lines Defensemen
Brandon Carlo, Esa Lindell, Mikhail Sergachev, Patrik Nemeth, Noah Hanifin
Scratches
Oliver Wahlstrom (Healthy), Alexander Wennberg (Healthy), Daniel Vladar (Healthy)

Mongoloids

5 vs 5 Forward
Line #Left WingCenterRight WingPHYDFOFWanted %Time %Time Play
1John TavaresEvgeni MalkinDrake Batherson1223024%13:27
2David PerronJ.T. MillerJonathan Marchessault1222834%18:43
3Austin WatsonDillon DubeCal Clutterbuck1222630%16:38
4Ondrej PalatEvgeni MalkinJohn Tavares1221612%6:56
5 vs 5 Defense
Line #DefenseDefensePHYDFOFWanted %Time %Time Play
1Tyrian LannisterBrayden McNabb1223030%16:49
2Michael MathesonMattias Ekholm1222828%15:53
3Brent BurnsRasmus Andersson1222626%14:31
4Ryan LindgrenMarkus Niemelainen1221615%8:31
Power Play Forward
Line #Left WingCenterRight WingPHYDFOFWanted %Time %Time Play
1John TavaresEvgeni MalkinDrake Batherson1225563%1:15
2David PerronJ.T. MillerJonathan Marchessault1224537%0:44
Power Play Defense
Line #DefenseDefensePHYDFOFWanted %Time %Time Play
1Tyrian LannisterBrayden McNabb1225563%1:15
2Michael MathesonMattias Ekholm1224537%0:44
Penalty Kill 4 Players Forward
Line #CenterWingPHYDFOFWanted %Time %Time Play
1Evgeni MalkinJohn Tavares1225574%1:41
2J.T. MillerDrake Batherson1224526%0:36
Penalty Kill 4 Players Defense
Line #DefenseDefensePHYDFOFWanted %Time %Time Play
1Tyrian LannisterBrayden McNabb1225560%1:22
2Michael MathesonMattias Ekholm1224540%0:55
Penalty Kill 3 Players
Line #WingPHYDFOFWanted %Time %Time PlayDefenseDefensePHYDFOFWanted %Time %Time Play
1Evgeni Malkin122550%0:00 Tyrian LannisterBrayden McNabb122550%0:00
2John Tavares122450%0:00 Michael MathesonMattias Ekholm122450%0:00
4 vs 4 Forward
Line #CenterWingPHYDFOFWanted %Time %Time Play
1Evgeni MalkinJohn Tavares122550%0:00
2J.T. MillerDrake Batherson122450%0:00
4 vs 4 Defense
Line #DefensePHYDFOFWanted %Time %Time Play
1Tyrian LannisterBrayden McNabb122550%0:00
2Michael MathesonMattias Ekholm122450%0:00
Last Minutes Offensive
Left WingCenterRight WingDefenseDefense
John TavaresEvgeni MalkinDrake BathersonTyrian LannisterBrayden McNabb
Last Minutes Defensive
Left WingCenterRight WingDefenseDefense
John TavaresEvgeni MalkinDrake BathersonTyrian LannisterBrayden McNabb
Time
Total ForwardTotal DefenseLast Minutes OffensiveLast Minutes Defensive
60:00 60:00 0:000:00
Extra Forwards
Normal PowerPlayPenalty Kill
Austin Watson, Cal Clutterbuck, Ondrej PalatAustin Watson, Cal ClutterbuckOndrej Palat
Extra Defensemen
Normal PowerPlayPenalty Kill
Brent Burns, Rasmus Andersson, Ryan LindgrenBrent Burns, Rasmus AnderssonRyan Lindgren
Penalty Shots
Evgeni Malkin, John Tavares, J.T. Miller, Drake Batherson, David Perron
Goalie
Thatcher Demko, Jaroslav Halak
Custom OT Lines Forwards
Evgeni Malkin, John Tavares, J.T. Miller, Drake Batherson, David Perron, Jonathan Marchessault, Austin Watson, Cal Clutterbuck, Ondrej Palat, Dillon Dube
Custom OT Lines Defensemen
Tyrian Lannister, Brayden McNabb, Michael Matheson, Mattias Ekholm, Brent Burns
Scratches
Scott Wedgewood (Healthy)


Play-by-Play

1st period


0:01 of 1st period - William Nylander wins face-off versus Evgeni Malkin in neutral zone.
1:30 of 1st period - Icing by Brayden McNabb.
1:31 of 1st period - Morgan Frost wins face-off versus Evgeni Malkin in Mongoloids zone.
1:40 of 1st period - Shot by Andrew Copp.
1:40 of 1st period - Shot Misses the Net.
1:42 of 1st period - Shot by Andrew Copp.
1:42 of 1st period - Goal by Andrew Copp - Meltdown : 1 - Mongoloids : 0.
1:43 of 1st period - J.T. Miller wins face-off versus Adam Henrique in neutral zone.
2:20 of 1st period - Icing by Michael Matheson.
2:21 of 1st period - J.T. Miller wins face-off versus Morgan Frost in Mongoloids zone.
2:23 of 1st period - Icing by Michael Matheson.
2:24 of 1st period - J.T. Miller wins face-off versus Morgan Frost in Mongoloids zone.
2:24 of 1st period - J.T. Miller is hit by Morgan Frost.
2:49 of 1st period - Michael Matheson is hit by Jonas Siegenthaler and loses puck.
3:05 of 1st period - Minor Penalty to Morgan Frost for Roughing.
3:06 of 1st period - Evgeni Malkin wins face-off versus William Nylander in Meltdown zone.
4:14 of 1st period - Icing by Mattias Ekholm.
4:15 of 1st period - J.T. Miller wins face-off versus Dylan Strome in Mongoloids zone.
4:22 of 1st period - Off-side.
4:23 of 1st period - William Nylander wins face-off versus Evgeni Malkin in neutral zone.
4:33 of 1st period - Off-side.
4:34 of 1st period - Dylan Strome wins face-off versus Evgeni Malkin in neutral zone.
4:34 of 1st period - Dylan Strome is hit by John Tavares.
5:39 of 1st period - Icing by Cal Clutterbuck.
5:40 of 1st period - Dillon Dube wins face-off versus William Nylander in Mongoloids zone.
6:50 of 1st period - Bryan Rust is hit by Ryan Lindgren and loses puck.
7:19 of 1st period - Shot by Andrew Copp.
7:19 of 1st period - Shot Misses the Net.
7:21 of 1st period - Shot by Andrew Copp.
7:21 of 1st period - Stopped by Thatcher Demko with a rebound.
7:23 of 1st period - Shot by Noah Hanifin.
7:23 of 1st period - Stopped by Thatcher Demko without a rebound.
7:24 of 1st period - Alex Iafallo wins face-off versus Evgeni Malkin in Mongoloids zone.
7:49 of 1st period - Shot by Alex Iafallo.
7:49 of 1st period - Stopped by Thatcher Demko without a rebound.
7:50 of 1st period - Morgan Frost wins face-off versus Dillon Dube in Mongoloids zone.
8:00 of 1st period - Icing by Jonas Siegenthaler.
8:01 of 1st period - Morgan Frost wins face-off versus Evgeni Malkin in Meltdown zone.
8:13 of 1st period - Shot by Anthony Duclair.
8:13 of 1st period - Shot Misses the Net.
8:40 of 1st period - Shot by John Tavares.
8:40 of 1st period - Shot Misses the Net.
9:22 of 1st period - Icing by Dillon Dube.
9:23 of 1st period - Dillon Dube wins face-off versus William Nylander in Mongoloids zone.
10:00 of 1st period - Esa Lindell is hit by Rasmus Andersson and loses puck.
10:06 of 1st period - J.T. Miller is hit by Esa Lindell and loses puck.
10:39 of 1st period - Evgeni Malkin is hit by Brandon Carlo.
10:53 of 1st period - Shot by Ondrej Palat.
10:53 of 1st period - Deflect By John Tavares.
10:53 of 1st period - Stopped by Akira Schmid without a rebound.
10:54 of 1st period - Dillon Dube wins face-off versus Dylan Strome in Meltdown zone.
10:59 of 1st period - Shot by Dillon Dube.
10:59 of 1st period - Shot Misses the Net.
11:25 of 1st period - Shot by Dylan Strome.
11:25 of 1st period - Goal by Dylan Strome - Meltdown : 2 - Mongoloids : 0.
11:26 of 1st period - Anthony Duclair wins face-off versus Evgeni Malkin in neutral zone.
11:34 of 1st period - Shot by Andrew Copp.
11:34 of 1st period - Stopped by Thatcher Demko with a rebound.
11:56 of 1st period - Icing by Noah Hanifin.
11:57 of 1st period - J.T. Miller wins face-off versus Morgan Frost in Meltdown zone.
11:57 of 1st period - David Perron is hit by Jonas Siegenthaler and loses puck.
12:33 of 1st period - Bryan Rust is hit by Markus Niemelainen and loses puck.
13:05 of 1st period - Minor Penalty to Ryan Lindgren for Holding Stick.
13:06 of 1st period - Evgeni Malkin wins face-off versus William Nylander in Mongoloids zone.
13:06 of 1st period - Evgeni Malkin is hit by Hugo Drax.
13:16 of 1st period - Evgeni Malkin is hit by Casey Mittelstadt and loses puck.
13:23 of 1st period - Shot by Hugo Drax.
13:23 of 1st period - Goal by Hugo Drax - Meltdown : 3 - Mongoloids : 0.
13:24 of 1st period - Morgan Frost wins face-off versus Dillon Dube in neutral zone.
13:36 of 1st period - Anthony Duclair is hit by Brayden McNabb and loses puck.
13:59 of 1st period - Shot by Dillon Dube.
13:59 of 1st period - Stopped by Akira Schmid without a rebound.
14:00 of 1st period - Evgeni Malkin wins face-off versus William Nylander in Meltdown zone.
14:05 of 1st period - Shot by Evgeni Malkin.
14:05 of 1st period - Shot Misses the Net.
14:26 of 1st period - Shot by Hugo Drax.
14:26 of 1st period - Shot Misses the Net.
14:40 of 1st period - Shot by Casey Mittelstadt.
14:40 of 1st period - Deflect By Hugo Drax.
14:40 of 1st period - Shot Misses the Net.
15:00 of 1st period - Shot by Dylan Strome.
15:00 of 1st period - Stopped by Thatcher Demko without a rebound.
15:01 of 1st period - Morgan Frost wins face-off versus Dillon Dube in Mongoloids zone.
15:01 of 1st period - Morgan Frost is hit by Brent Burns.
15:09 of 1st period - Shot by Anthony Duclair.
15:09 of 1st period - Stopped by Thatcher Demko without a rebound.
15:10 of 1st period - Dylan Strome wins face-off versus J.T. Miller in Mongoloids zone.
16:36 of 1st period - Shot by Adam Henrique.
16:36 of 1st period - Stopped by Thatcher Demko without a rebound.
16:37 of 1st period - Morgan Frost wins face-off versus Evgeni Malkin in Mongoloids zone.
16:54 of 1st period - Icing by Andrew Copp.
16:55 of 1st period - Morgan Frost wins face-off versus Dillon Dube in Meltdown zone.
17:00 of 1st period - Austin Watson is hit by Morgan Frost and loses puck.
17:15 of 1st period - Shot by Dillon Dube.
17:15 of 1st period - Stopped by Akira Schmid without a rebound.
17:16 of 1st period - Evgeni Malkin wins face-off versus William Nylander in Meltdown zone.
17:17 of 1st period - Shot by Drake Batherson.
17:17 of 1st period - Shot Blocked by Esa Lindell.
17:40 of 1st period - Hugo Drax is hit by Brayden McNabb and loses puck.
17:54 of 1st period - Casey Mittelstadt is hit by Tyrian Lannister and loses puck.
19:51 of 1st period - Shot by Alex Iafallo.
19:51 of 1st period - Stopped by Thatcher Demko without a rebound.
19:52 of 1st period - Evgeni Malkin wins face-off versus William Nylander in Mongoloids zone.
Goals for this period are 3 for Meltdown vs 0 for Mongoloids.
Shots for this period are 11 for Meltdown vs 3 for Mongoloids.

2nd period


0:01 of 2nd period - William Nylander wins face-off versus Evgeni Malkin in neutral zone.
0:13 of 2nd period - Drake Batherson is hit by Brandon Carlo and loses puck.
0:34 of 2nd period - Tyrian Lannister is hit by Hugo Drax and loses puck.
1:42 of 2nd period - Shot by J.T. Miller.
1:42 of 2nd period - Stopped by Akira Schmid without a rebound.
1:43 of 2nd period - Dylan Strome wins face-off versus J.T. Miller in Meltdown zone.
1:59 of 2nd period - Shot by David Perron.
1:59 of 2nd period - Stopped by Akira Schmid with a rebound.
2:03 of 2nd period - Shot by J.T. Miller.
2:03 of 2nd period - Stopped by Akira Schmid without a rebound.
2:04 of 2nd period - Morgan Frost wins face-off versus Evgeni Malkin in Meltdown zone.
2:21 of 2nd period - Shot by John Tavares.
2:21 of 2nd period - Shot Misses the Net.
2:23 of 2nd period - Shot by Brayden McNabb.
2:23 of 2nd period - Stopped by Akira Schmid without a rebound.
2:24 of 2nd period - Dylan Strome wins face-off versus Dillon Dube in Meltdown zone.
2:38 of 2nd period - Dylan Strome is hit by Michael Matheson and loses puck.
3:03 of 2nd period - Shot by Bryan Rust.
3:03 of 2nd period - Shot Misses the Net.
3:13 of 2nd period - Jonas Siegenthaler is hit by Austin Watson and loses puck.
3:17 of 2nd period - Icing by Jonas Siegenthaler.
3:18 of 2nd period - Evgeni Malkin wins face-off versus Morgan Frost in Meltdown zone.
3:21 of 2nd period - Shot by John Tavares.
3:21 of 2nd period - Stopped by Akira Schmid with a rebound.
4:20 of 2nd period - Shot by William Nylander.
4:20 of 2nd period - Shot Misses the Net.
4:36 of 2nd period - Shot by Adam Henrique.
4:36 of 2nd period - Shot Misses the Net.
4:42 of 2nd period - Shot by David Perron.
4:42 of 2nd period - Shot Blocked by Brandon Carlo.
4:59 of 2nd period - J.T. Miller is hit by Brandon Carlo and loses puck.
5:04 of 2nd period - Shot by J.T. Miller.
5:04 of 2nd period - Deflect By Jonathan Marchessault.
5:04 of 2nd period - Stopped by Akira Schmid without a rebound.
5:05 of 2nd period - Dylan Strome wins face-off versus Dillon Dube in Meltdown zone.
5:39 of 2nd period - Bryan Rust is hit by Austin Watson and loses puck.
5:53 of 2nd period - Icing by Patrik Nemeth.
5:54 of 2nd period - Dylan Strome wins face-off versus J.T. Miller in Meltdown zone.
5:58 of 2nd period - Mikhail Sergachev is hit by Rasmus Andersson and loses puck.
6:59 of 2nd period - Shot by Hugo Drax.
6:59 of 2nd period - Shot Misses the Net.
7:04 of 2nd period - Icing by Tyrian Lannister.
7:05 of 2nd period - Adam Henrique wins face-off versus Evgeni Malkin in Mongoloids zone.
7:08 of 2nd period - Shot by William Nylander.
7:08 of 2nd period - Shot Blocked by John Tavares.
7:14 of 2nd period - Shot by William Nylander.
7:14 of 2nd period - Stopped by Thatcher Demko with a rebound.
7:16 of 2nd period - Shot by Brandon Carlo.
7:16 of 2nd period - Shot Blocked by Tyrian Lannister.
7:18 of 2nd period - Shot by Brandon Carlo.
7:18 of 2nd period - Shot Misses the Net.
7:20 of 2nd period - Shot by Brandon Carlo.
7:20 of 2nd period - Shot Misses the Net.
7:32 of 2nd period - Shot by William Nylander.
7:32 of 2nd period - Deflect By Alex Iafallo.
7:32 of 2nd period - Stopped by Thatcher Demko without a rebound.
7:33 of 2nd period - Dillon Dube wins face-off versus Dylan Strome in Mongoloids zone.
7:33 of 2nd period - Dillon Dube is hit by Bryan Rust.
7:45 of 2nd period - Shot by Austin Watson.
7:45 of 2nd period - Stopped by Akira Schmid with a rebound.
7:47 of 2nd period - Shot by Cal Clutterbuck.
7:47 of 2nd period - Stopped by Akira Schmid with a rebound.
7:49 of 2nd period - Shot by Austin Watson.
7:49 of 2nd period - Shot Misses the Net.
7:51 of 2nd period - Shot by Ryan Lindgren.
7:51 of 2nd period - Shot Misses the Net.
8:03 of 2nd period - Shot by Ryan Lindgren.
8:03 of 2nd period - Shot Misses the Net.
9:32 of 2nd period - Shot by William Nylander.
9:32 of 2nd period - Shot Blocked by Michael Matheson.
9:34 of 2nd period - Shot by Hugo Drax.
9:34 of 2nd period - Stopped by Thatcher Demko without a rebound.
9:35 of 2nd period - Morgan Frost wins face-off versus Dillon Dube in Mongoloids zone.
10:26 of 2nd period - Shot by Adam Henrique.
10:26 of 2nd period - Stopped by Thatcher Demko without a rebound.
10:27 of 2nd period - Adam Henrique wins face-off versus Drake Batherson in Mongoloids zone.
10:42 of 2nd period - Icing by Michael Matheson.
10:43 of 2nd period - Evgeni Malkin wins face-off versus William Nylander in Mongoloids zone.
10:43 of 2nd period - Evgeni Malkin is hit by Casey Mittelstadt.
11:09 of 2nd period - Shot by Casey Mittelstadt.
11:09 of 2nd period - Shot Blocked by Drake Batherson.
11:16 of 2nd period - Mattias Ekholm is hit by Patrik Nemeth and loses puck.
12:32 of 2nd period - Noah Hanifin is hit by Cal Clutterbuck and loses puck.
12:57 of 2nd period - Daniel Sprong is hit by Markus Niemelainen and loses puck.
13:36 of 2nd period - Shot by Evgeni Malkin.
13:36 of 2nd period - Stopped by Akira Schmid with a rebound.
13:38 of 2nd period - Shot by Brayden McNabb.
13:38 of 2nd period - Shot Misses the Net.
13:40 of 2nd period - Shot by Ondrej Palat.
13:40 of 2nd period - Shot Misses the Net.
13:49 of 2nd period - Shot by Evgeni Malkin.
13:49 of 2nd period - Shot Blocked by Noah Hanifin.
13:54 of 2nd period - Icing by Jonas Siegenthaler.
13:55 of 2nd period - Dylan Strome wins face-off versus J.T. Miller in Meltdown zone.
14:52 of 2nd period - Minor Penalty to Austin Watson for Tripping.
14:53 of 2nd period - Evgeni Malkin wins face-off versus William Nylander in Mongoloids zone.
14:53 of 2nd period - Evgeni Malkin is hit by Morgan Frost.
15:51 of 2nd period - Shot by Adam Henrique.
15:51 of 2nd period - Shot Misses the Net.
15:53 of 2nd period - Shot by Adam Henrique.
15:53 of 2nd period - Shot Misses the Net.
17:19 of 2nd period - Shot by Alex Iafallo.
17:19 of 2nd period - Stopped by Thatcher Demko without a rebound.
17:20 of 2nd period - Evgeni Malkin wins face-off versus Casey Mittelstadt in Mongoloids zone.
19:09 of 2nd period - Off-side.
19:10 of 2nd period - Dillon Dube wins face-off versus Dylan Strome in neutral zone.
19:26 of 2nd period - Daniel Sprong is hit by Cal Clutterbuck and loses puck.
19:59 of 2nd period - Hugo Drax is hit by Drake Batherson and loses puck.
Goals for this period are 0 for Meltdown vs 0 for Mongoloids.
Shots for this period are 5 for Meltdown vs 9 for Mongoloids.

3rd period


0:01 of 3rd period - William Nylander wins face-off versus Evgeni Malkin in neutral zone.
0:57 of 3rd period - Icing by Mikhail Sergachev.
0:58 of 3rd period - Dillon Dube wins face-off versus Dylan Strome in Meltdown zone.
1:23 of 3rd period - Shot by Dillon Dube.
1:23 of 3rd period - Stopped by Akira Schmid without a rebound.
1:24 of 3rd period - Morgan Frost wins face-off versus J.T. Miller in Meltdown zone.
1:41 of 3rd period - Andrew Copp is hit by David Perron.
2:00 of 3rd period - Shot by J.T. Miller.
2:00 of 3rd period - Deflect By David Perron.
2:00 of 3rd period - Shot Blocked by Jonas Siegenthaler.
2:02 of 3rd period - Shot by Mattias Ekholm.
2:02 of 3rd period - Shot Blocked by Noah Hanifin.
2:16 of 3rd period - Shot by Dillon Dube.
2:16 of 3rd period - Shot Misses the Net.
2:18 of 3rd period - Shot by Austin Watson.
2:18 of 3rd period - Shot Blocked by Noah Hanifin.
2:20 of 3rd period - Shot by Brent Burns.
2:20 of 3rd period - Deflect By Cal Clutterbuck.
2:20 of 3rd period - Shot Misses the Net.
2:22 of 3rd period - Shot by Austin Watson.
2:22 of 3rd period - Shot Misses the Net.
2:24 of 3rd period - Shot by Austin Watson.
2:24 of 3rd period - Stopped by Akira Schmid with a rebound.
4:19 of 3rd period - Icing by Tyrian Lannister.
4:20 of 3rd period - Adam Henrique wins face-off versus Evgeni Malkin in Mongoloids zone.
4:44 of 3rd period - William Nylander is hit by Tyrian Lannister and loses puck.
4:58 of 3rd period - Icing by Tyrian Lannister.
4:59 of 3rd period - Dylan Strome wins face-off versus Evgeni Malkin in Mongoloids zone.
5:01 of 3rd period - Daniel Sprong is hit by Tyrian Lannister and loses puck.
5:18 of 3rd period - Shot by Dylan Strome.
5:18 of 3rd period - Deflect By Daniel Sprong.
5:18 of 3rd period - Stopped by Thatcher Demko without a rebound.
5:19 of 3rd period - J.T. Miller wins face-off versus William Nylander in Mongoloids zone.
6:00 of 3rd period - Patrik Nemeth is hit by J.T. Miller and loses puck.
6:43 of 3rd period - Shot by Dylan Strome.
6:43 of 3rd period - Shot Misses the Net.
6:45 of 3rd period - Shot by Dylan Strome.
6:45 of 3rd period - Shot Misses the Net.
6:47 of 3rd period - Shot by Esa Lindell.
6:47 of 3rd period - Stopped by Thatcher Demko without a rebound.
6:48 of 3rd period - Dylan Strome wins face-off versus Dillon Dube in Mongoloids zone.
7:16 of 3rd period - Shot by Dylan Strome.
7:16 of 3rd period - Stopped by Thatcher Demko without a rebound.
7:17 of 3rd period - William Nylander wins face-off versus Dillon Dube in Mongoloids zone.
7:22 of 3rd period - Shot by Hugo Drax.
7:22 of 3rd period - Stopped by Thatcher Demko without a rebound.
7:23 of 3rd period - Dillon Dube wins face-off versus William Nylander in Mongoloids zone.
7:47 of 3rd period - Ryan Lindgren is hit by Hugo Drax and loses puck.
8:07 of 3rd period - Icing by Ryan Lindgren.
8:08 of 3rd period - Dillon Dube wins face-off versus Daniel Sprong in Mongoloids zone.
8:27 of 3rd period - Icing by Esa Lindell.
8:28 of 3rd period - Evgeni Malkin wins face-off versus Dylan Strome in Meltdown zone.
8:49 of 3rd period - Shot by John Tavares.
8:49 of 3rd period - Shot Misses the Net.
8:51 of 3rd period - Shot by Brent Burns.
8:51 of 3rd period - Shot Misses the Net.
8:59 of 3rd period - Shot by John Tavares.
8:59 of 3rd period - Stopped by Akira Schmid with a rebound.
9:01 of 3rd period - Shot by Rasmus Andersson.
9:01 of 3rd period - Shot Misses the Net.
9:03 of 3rd period - Shot by Rasmus Andersson.
9:03 of 3rd period - Goal by Rasmus Andersson - Meltdown : 3 - Mongoloids : 1.
9:04 of 3rd period - Adam Henrique wins face-off versus J.T. Miller in neutral zone.
10:39 of 3rd period - Icing by John Tavares.
10:40 of 3rd period - Evgeni Malkin wins face-off versus Dylan Strome in Mongoloids zone.
11:09 of 3rd period - Drake Batherson is hit by Dylan Strome and loses puck.
11:21 of 3rd period - Icing by Brandon Carlo.
11:22 of 3rd period - Dillon Dube wins face-off versus Daniel Sprong in Meltdown zone.
11:56 of 3rd period - Dillon Dube is hit by Esa Lindell and loses puck.
12:19 of 3rd period - J.T. Miller is hit by Daniel Sprong and loses puck.
12:31 of 3rd period - J.T. Miller is hit by Hugo Drax and loses puck.
14:03 of 3rd period - Shot by William Nylander.
14:03 of 3rd period - Shot Misses the Net.
15:12 of 3rd period - Icing by Tyrian Lannister.
15:13 of 3rd period - Evgeni Malkin wins face-off versus Morgan Frost in Mongoloids zone.
15:20 of 3rd period - Shot by Morgan Frost.
15:20 of 3rd period - Shot Misses the Net.
15:28 of 3rd period - Shot by Morgan Frost.
15:28 of 3rd period - Shot Misses the Net.
15:30 of 3rd period - Shot by Andrew Copp.
15:30 of 3rd period - Stopped by Thatcher Demko without a rebound.
15:31 of 3rd period - Dylan Strome wins face-off versus Dillon Dube in Mongoloids zone.
15:47 of 3rd period - Shot by Dillon Dube.
15:47 of 3rd period - Shot Misses the Net.
15:53 of 3rd period - Shot by Dillon Dube.
15:53 of 3rd period - Shot Blocked by Patrik Nemeth.
15:55 of 3rd period - Shot by Cal Clutterbuck.
15:55 of 3rd period - Goal by Cal Clutterbuck - Meltdown : 3 - Mongoloids : 2.
15:56 of 3rd period - Andrew Copp wins face-off versus Evgeni Malkin in neutral zone.
16:06 of 3rd period - Icing by Rasmus Andersson.
16:07 of 3rd period - Evgeni Malkin wins face-off versus William Nylander in Mongoloids zone.
16:40 of 3rd period - Shot by Evgeni Malkin.
16:40 of 3rd period - Shot Misses the Net.
16:42 of 3rd period - Shot by John Tavares.
16:42 of 3rd period - Shot Blocked by Hugo Drax.
18:08 of 3rd period - Shot by John Tavares.
18:08 of 3rd period - Shot Misses the Net.
18:10 of 3rd period - Shot by Drake Batherson.
18:10 of 3rd period - Deflect By Evgeni Malkin.
18:10 of 3rd period - Goal by Evgeni Malkin - Meltdown : 3 - Mongoloids : 3.
18:11 of 3rd period - J.T. Miller wins face-off versus Adam Henrique in neutral zone.
18:13 of 3rd period - Brent Burns is hit by Brandon Carlo and loses puck.
18:16 of 3rd period - Shot by J.T. Miller.
18:16 of 3rd period - Stopped by Akira Schmid with a rebound.
19:01 of 3rd period - Icing by Jonas Siegenthaler.
19:02 of 3rd period - Evgeni Malkin wins face-off versus Dylan Strome in Meltdown zone.
19:31 of 3rd period - Shot by Dylan Strome.
19:31 of 3rd period - Stopped by Thatcher Demko without a rebound.
19:32 of 3rd period - Morgan Frost wins face-off versus Dillon Dube in Mongoloids zone.
19:56 of 3rd period - Icing by Mikhail Sergachev.
19:57 of 3rd period - Morgan Frost wins face-off versus Drake Batherson in Meltdown zone.
19:59 of 3rd period - Icing by Mikhail Sergachev.
Goals for this period are 0 for Meltdown vs 3 for Mongoloids.
Shots for this period are 6 for Meltdown vs 7 for Mongoloids.

Overtime #1


0:01 of 1st overtime period - John Tavares wins face-off versus Hugo Drax in neutral zone.
0:16 of 1st overtime period - Shot by John Tavares.
0:16 of 1st overtime period - Shot Misses the Net.
0:18 of 1st overtime period - Shot by Tyrian Lannister.
0:18 of 1st overtime period - Stopped by Akira Schmid with a rebound.
0:26 of 1st overtime period - Shot by Evgeni Malkin.
0:26 of 1st overtime period - Stopped by Akira Schmid without a rebound.
0:27 of 1st overtime period - Hugo Drax wins face-off versus John Tavares in Meltdown zone.
1:36 of 1st overtime period - Shot by Daniel Sprong.
1:36 of 1st overtime period - Stopped by Thatcher Demko with a rebound.
1:38 of 1st overtime period - Shot by Daniel Sprong.
1:38 of 1st overtime period - Stopped by Thatcher Demko with a rebound.
2:43 of 1st overtime period - Shot by William Nylander.
2:43 of 1st overtime period - Stopped by Thatcher Demko with a rebound.
2:47 of 1st overtime period - Shot by Hugo Drax.
2:47 of 1st overtime period - Goal by Hugo Drax - Meltdown : 4 - Mongoloids : 3.
Goals for this period are 1 for Meltdown vs 0 for Mongoloids.
Shots for this period are 4 for Meltdown vs 2 for Mongoloids.